 Dungeon Crawl Stone Soup version 0.28.0-62-gf88900778d (webtiles) character file.

Game seed: 8607048769355072928

3 Djinni the Grave Robber (level 1, 15/15 HPs)
             Began as a Naga Necromancer on Apr 27, 2023.
             Quit the game on level 1 of the Dungeon.
             The game lasted 00:01:43 (217 turns).

Djinni the Grave Robber (Naga Necromancer)           Turns: 217, Time: 00:01:43

Health: 15/15      AC:  1    Str: 10    XL:     1   Next: 50%
Magic:  3/3        EV:  9    Int: 15    God:
Gold:   0          SH:  0    Dex: 11    Spells: 2/4 levels left

rFire   . . .      SeeInvis +   (no weapon)
rCold   . . .      Faith    .   (no shield)
rNeg    . . .      Spirit   .   b - +0 robe
rPois   +          Reflect  .   (no helmet)
rElec   .          Harm     .   (no cloak)
rCorr   .          Rampage  .   (no gloves)
Will    .....                   (no barding)
Stlth   ++........              (no amulet)
HPRegen 0.05/turn               (no ring)
MPRegen 0.08/turn               (no ring)

@: very slow
A: AC +0, large, see invisible, deformed body, poison resistance, slowness 2,
spit poison 1, naga tail 1
a: Spit Poison


You were on level 1 of the Dungeon.
You visited 1 branch of the dungeon, and saw 1 of its levels.

Inventory:

Armour
 a - a +0 robe
 b - a +0 robe (worn)


   Skills:
 + Level 0.1 Fighting
 * Level 1.6 Dodging
 * Level 3.1 Stealth
 + Level 0.1 Unarmed Combat
 * Level 2.0 Spellcasting
 + Level 4.0 Necromancy


You had 2 spell levels left.
You knew the following spells:

 Your Spells              Type           Power      Damage    Failure   Level
a - Pain                  Necr           52%        1d6       4%          1
b - Animate Skeleton      Necr           26%        N/A       4%          1

Your spell library contained the following spells:

 Spells                   Type           Power      Damage    Failure   Level
 Vampiric Draining        Necr           13%        2d6       13%         3
 Animate Dead             Necr           6%         N/A       38%         4
 Agony                    Necr           13%        N/A       75%         5


Dungeon Overview and Level Annotations

Branches:
Dungeon (1/15)

Altars:


Innate Abilities, Weirdness & Mutations

Your serpentine skin is tough. (AC +0)
You have supernaturally acute eyesight. (SInv)
Armour fits poorly on your strangely shaped body.
Your system is resistant to poisons. (rPois)
You cover ground very slowly.
You can spit poison.
You have a snake-like lower body.


Message History

You miss the quokka. The quokka closely misses you.
You barely miss the quokka. The quokka closely misses you.
The quokka bites you.
The quokka writhes in agony.
You kill the quokka!
You start resting.
Magic restored.
You start resting.
HP restored.
A rat comes into view.
You hit the rat but do no damage. The rat bites you.
You hit the rat but do no damage. The rat bites you.
You closely miss the rat. The rat barely misses you.
You hit the rat.
You kill the rat!
You're too inexperienced to learn that spell!
A quokka comes into view.
Found a robe.
The quokka writhes in agony.
The quokka closely misses you.
The quokka writhes in agony.
You kill the quokka!
Casting: Pain (safe; 4% risk of failure)
Confirm with . or Enter, or press ? or * to list all spells.
There is nothing nearby to animate!
You see here a +0 robe.
b - a +0 robe You start removing your armour.
You continue taking off your +0 robe. x4
You finish taking off your +0 robe.
You start putting on your armour.
You continue putting on your +0 robe. x5
Magic restored.
You finish putting on your +0 robe.
You start removing your armour.
You continue taking off your +0 robe. x4
You finish taking off your +0 robe.
You start putting on your armour.
You continue putting on your +0 robe. x5
You finish putting on your +0 robe.
You start removing your armour.
You continue taking off your +0 robe. x4
You finish taking off your +0 robe.
You start putting on your armour.
You continue putting on your +0 robe. x5
You finish putting on your +0 robe.
Are you sure you want to abandon this character and quit the game? (Confirm with "yes".)

###########
##.........#
#...######.#
###...####.#
###...##.############
##@..#.............
#...##.........#.##
...##############.#
...## #.# ###. ..# #
... ...# ##.## #.##


There were no monsters in sight!

Vanquished Creatures
  2 quokkas (D:1)
  A rat (D:1)
3 creatures vanquished.

Notes
Turn   | Place    | Note
-------+----------+-------------------------------------------
     0 | D:1      | Djinni the Naga Necromancer began the quest for the Orb.
     0 | D:1      | Reached XP level 1. HP: 15/15 MP: 3/3
    12 | D:1      | Learned a level 1 spell: Animate Skeleton
   217 | D:1      | Quit the game

Illustrated notes

Levels and vault maps discovered:
D:1:      heliophobic_arrival_ceremonial_halls, layout_rooms,
          dreamdust_ecumenical_altar_sealed_demon, serial_curves,
          eino_curves_01, eino_curves_03

Action                   || total
-------------------------++-------
Melee: Unarmed           ||     7
 Cast: Pain              ||     3
Dodge: Dodged            ||     6
